 Dungeon Crawl Stone Soup version 0.21.1-1-g345015fe64 (webtiles) character file.

1436 Blank the Spear-Bearer (level 8, -5/56 HPs)
             Began as a Merfolk Skald on Mar 19, 2018.
             Was a Follower of Okawaru.
             Slain by an orc warrior
             ... wielding a +0 glaive
              (28 damage)
             ... on level 6 of the Dungeon.
             The game lasted 00:16:08 (5857 turns).

Blank the Spear-Bearer (Merfolk Skald)              Turns: 5857, Time: 00:16:09

Health: -5/56      AC:  4    Str: 15 (16) XL:     8   Next: 73%
Magic:  5/11       EV: 12    Int: 17 (18) God:    Okawaru [*.....]
Gold:   39         SH:  5    Dex: 14      Spells: 5/11 levels left

rFire    . . .     SeeInvis +   a - +0 spear
rCold    . . .     Gourm    .   e - +0 buckler
rNeg     . . .     Faith    .   b - +0 leather armour
rPois    .         Spirit   .   (no helmet)
rElec    .         Reflect  .   (no cloak)
rCorr    .         Harm     .   l - +0 pair of gloves of Pride {Int+4}
MR       .....                  (no boots)
Stlth    +.........             h - amulet of magic regeneration
HPRegen  0.18/turn              k - ring of see invisible
MPRegen  0.37/turn              (no ring)

@: mighty, infused (expiring)
A: change form in water, swift swim, stealthy swim
a: Heroism, Renounce Religion


You were on level 6 of the Dungeon.
You worshipped Okawaru.
Okawaru was aware of your devotion.
You were not hungry.

You visited 1 branch of the dungeon, and saw 6 of its levels.

You collected 200 gold pieces.
You spent 161 gold pieces at shops.

Inventory:

Hand Weapons
 a - a +0 spear (weapon)
Armour
 b - a +0 leather armour (worn)
 e - a +0 buckler (worn)
 l - the +0 pair of gloves of Pride (worn) {Int+4}
   (You found it on level 4 of the Dungeon)

   It affects your intelligence (+4).
 v - a +2 pair of boots
Jewellery
 h - an amulet of magic regeneration (around neck)
 k - a ring of see invisible (left hand)
Wands
 j - a wand of acid (6)
 x - a wand of polymorph (20)
Scrolls
 f - 3 scrolls of remove curse
 i - a scroll of fear {unknown}
 m - 2 scrolls of amnesia
 p - 3 scrolls of blinking {unknown}
 q - a scroll of enchant weapon
 r - a scroll of magic mapping {unknown}
 u - a scroll of immolation {unknown}
 w - 5 scrolls of identify
 y - a scroll of enchant armour {unknown}
Potions
 g - a potion of might
 n - a potion of brilliance
 o - a potion of lignification {unknown}
 s - a potion of ambrosia
 t - a potion of curing
 z - a potion of mutation {unknown}
Books
 c - a book of Battle

   Spells                             Type                      Level
   a - Infusion                       Charms                       1
   b - Shroud of Golubria             Charms/Translocation         2
   c - Song of Slaying                Charms                       2
   d - Spectral Weapon                Hexes/Charms                 3
   e - Regeneration                   Charms/Necromancy            3
Comestibles
 d - 5 rations


   Skills:
 - Level 2.1 Fighting
 + Level 9.4 Polearms
 - Level 0.6 Armour
 - Level 2.6 Dodging
 - Level 4.1 Shields
 - Level 2.0 Spellcasting
 + Level 3.0 Hexes
 + Level 7.6 Charms


You had 5 spell levels left.
You knew the following spells:

 Your Spells              Type           Power        Failure   Level  Hunger
a - Infusion              Chrm           ####         1%          1    #......
b - Song of Slaying       Chrm           ####....     1%          2    ###....
c - Spectral Weapon       Hex/Chrm       ###.....     8%          3    ###....


Dungeon Overview and Level Annotations

Branches:
Dungeon (6/15)             Temple (0/1) D:5

Altars:
Cheibriados
Fedhas
Okawaru
Trog

Shops:
D:5 ?


Message History

You hit the orc.
The orc is severely wounded.
The orc warrior misses you.
You hit the orc but do no damage.
The orc is severely wounded.
The orc hits you but does no damage.
You hit the orc but do no damage.
The orc is severely wounded.
Your magical infusion is running out.
The orc warrior barely misses you. The orc hits you with a hand axe.
You are too injured to fight recklessly!
You are too injured to fight recklessly!
You are too injured to fight recklessly!
You feel very mighty all of a sudden. The orc hits you with a hand axe.
You barely miss the orc.
The orc is severely wounded.
The orc warrior hits you from afar with a glaive!!
Ouch! That really hurt!
You die...

...# ...# ...# ...####
################......#
................##....#
.................$.....
###############..######
...# ##@....# ...#
#...)o....# ...#
#....o...(# ...#
#.........# ...#
#.........# ...#
#.....#.### ...#
#.....#.. ...#
#.....##.# ####


You could see an orc warrior and an orc.

Vanquished Creatures
  2 black bears
  2 phantoms (D:5)
  An ogre (D:4)
  A centaur (D:5)
  A scorpion (D:4)
  2 crimson imps
  4 hounds
  3 orc priests
  2 centaur skeletons (D:5)
  4 orc wizards
  A bullfrog skeleton (D:6)
  2 iguanas
  6 worker ants
  3 gnolls
  3 adders
  A shadow imp (D:6)
  An ooze (D:1)
  An adder zombie (D:6)
  A worm (D:2)
  4 dart slugs
  5 leopard geckos
  19 orcs
  7 bats
  6 giant cockroaches
  6 goblins
  7 hobgoblins
  5 jackals
  3 kobolds
  A quokka (D:5)
  3 ball pythons
  5 frilled lizards
  A giant cockroach zombie (D:5)
  A quokka skeleton (D:4)
  13 rats
127 creatures vanquished.

Notes
Turn   | Place    | Note
-------+----------+-------------------------------------------
     0 | D:1      | Blank the Merfolk Skald began the quest for the Orb.
     0 | D:1      | Reached XP level 1. HP: 16/16 MP: 3/3
    46 | D:1      | Reached XP level 2. HP: 12/22 MP: 0/5
   235 | D:1      | Reached skill level 4 in Polearms
   289 | D:1      | Reached XP level 3. HP: 24/27 MP: 1/6
  1272 | D:3      | Reached XP level 4. HP: 33/33 MP: 4/7
  1283 | D:3      | Reached skill level 1 in Shields
  1882 | D:3      | Reached skill level 5 in Polearms
  2139 | D:4      | Noticed an ogre
  2213 | D:4      | Reached XP level 5. HP: 8/38 MP: 4/8
  2530 | D:4      | Got a fine mace
  2531 | D:4      | Identified the cursed +1 mace of Kismet {vamp, rF+} (You found it on level 4 of the Dungeon)
  2657 | D:4      | Reached skill level 5 in Charms
  2671 | D:4      | Reached XP level 6. HP: 30/44 MP: 9/9
  2797 | D:4      | Found an iron altar of Okawaru.
  2798 | D:4      | Found a blossoming altar of Fedhas.
  2854 | D:4      | Reached skill level 6 in Polearms
  3200 | D:4      | Got a pair of distressingly furry gloves
  3206 | D:4      | Identified the +0 pair of gloves of Pride {Int+4} (You found it on level 4 of the Dungeon)
  3616 | D:4      | Became a worshipper of Warmaster Okawaru
  3626 | D:5      | Entered Level 5 of the Dungeon
  3660 | D:5      | Reached XP level 7. HP: 36/50 MP: 7/10
  3901 | D:5      | Reached skill level 7 in Polearms
  4121 | D:5      | Reached * piety under Okawaru
  4121 | D:5      | Reached skill level 8 in Polearms
  4142 | D:5      | Reached XP level 8. HP: 31/56 MP: 7/11
  4280 | D:5      | Learned a level 2 spell: Song of Slaying
  4284 | D:5      | Learned a level 3 spell: Spectral Weapon
  4511 | D:5      | Found a staircase to the Ecumenical Temple.
  4574 | D:5      | HP: 2/56 [centaur (9)]
  4579 | D:5      | Reached skill level 1 in Hexes
  4871 | D:5      | Found Myturat's Magic Scroll Shop.
  4875 | D:5      | Bought a scroll of identify for 28 gold pieces
  4875 | D:5      | Bought a scroll of identify for 28 gold pieces
  4875 | D:5      | Bought a scroll of enchant weapon for 105 gold pieces
  5032 | D:6      | Found a snail-covered altar of Cheibriados.
  5037 | D:6      | Found a bloodstained altar of Trog.
  5321 | D:6      | Reached skill level 9 in Polearms
  5857 | D:6      | Slain by an orc warrior

Skill      XL: |  1  2  3  4  5  6  7  8 |
---------------+-------------------------+-----
Polearms       | 4 5 6 8 9 |  9.4
Charms         | 4 5 6 7 |  7.6
Shields        | 1 2 3 4 |  4.1
Hexes          | 3 |  3.0
Fighting       | |  2.1
Armour         | |  0.6
Dodging        | |  2.6
Spellcasting   | |  2.0

Action                   |  1- 3 |  4- 6 |  7- 9 || total
-------------------------+-------+-------+-------++-------
Melee: Spear             |   128 |   230 |   299 ||   657
 Cast: Infusion          |    11 |    15 |    19 ||    45
       Song of Slaying   |       |       |     1 ||     1
Evoke: Wand              |       |     1 |       ||     1
  Use: Scroll            |       |     4 |       ||     4
       Potion            |       |     4 |     4 ||     8
 Stab: Sleeping          |     2 |       |       ||     2
  Eat: Chunk             |     1 |     2 |       ||     3
       Ration            |       |     2 |     3 ||     5
Armor: Leather armour    |    21 |    35 |    54 ||   110
Dodge: Dodged            |    50 |   109 |   117 ||   276
Block: Buckler           |     7 |    41 |    36 ||    84
